 Dungeon Crawl Stone Soup version 0.27.0-1-g7a089689b8 (webtiles) character file.

Game seed: 16655762297181926654

165 sine the Gusty (level 5, -2/40 HPs)
             Began as a Draconian Air Elementalist on Aug 2, 2021.
             Slain by a gnoll (6 damage)
             ... on level 3 of the Dungeon.
             The game lasted 00:37:45 (4397 turns).

sine the Gusty (Draconian Air Elementalist)         Turns: 4397, Time: 00:37:46

Health: -2/40      AC:  9    Str: 11    XL:     5   Next: 22%
Magic:  6/8        EV: 12    Int: 16    God:
Gold:   71         SH:  0    Dex: 11    Spells: 7/8 levels left

rFire    + . .     SeeInvis .   d - +0 quarterstaff (elec)
rCold    . . .     Faith    .   (shield currently unavailable)
rNeg     . . .     Spirit   .   (armour unavailable)
rPois    .         Reflect  .   (helmet restricted)
rElec    .         Harm     .   (no cloak)
rCorr    .         Rampage  .   (no gloves)
Will     .....                  (no boots)
Stlth    ++........             (no amulet)
HPRegen  0.13/turn              q - +4 ring of protection
MPRegen  0.11/turn              (no ring)

@: no status effects
A: AC +5, unfitting armour, cold-blooded, fire resistance 1, noise suppression
a: no special abilities


You were on level 3 of the Dungeon.
You visited 1 branch of the dungeon, and saw 3 of its levels.

You collected 71 gold pieces.

Inventory:

Hand Weapons
 c - a +0 dagger of draining
 d - a +0 quarterstaff of electrocution (weapon)
 g - a +0 dagger
 h - a +0 whip
 i - a +0 dagger
 l - a +0 club
 r - a +0 rapier
 t - a +0 hunting sling
 w - a +0 hunting sling
Missiles
 f - 189 stones (quivered)
 j - 13 boomerangs
 m - 68 arrows
 n - 11 sling bullets
 p - 41 bolts
Armour
 a - a +0 robe {ceva}
 b - a +0 leather armour
 k - a +0 leather armour
 s - a +0 ring mail
Jewellery
 q - a +4 ring of protection (left hand)
Potions
 e - a potion of magic {unknown}
 o - a potion of mutation
 u - a potion of berserk rage {unknown}
 v - a potion of flight {unknown}


   Skills:
 + Level 1.4 Fighting
 + Level 2.4 Staves
 + Level 0.2 Slings
 + Level 2.8 Dodging
 + Level 2.2 Stealth
 + Level 2.4 Spellcasting
 + Level 1.3 Conjurations
 + Level 3.5 Air Magic


You had 7 spell levels left.
You knew the following spells:

 Your Spells              Type           Power      Damage    Failure   Level
a - Shock                 Conj/Air       36%        1d5       8%          1

Your spell library contained the following spells:

 Spells                   Type           Power      Damage    Failure   Level
 Static Discharge         Conj/Air       9%         N/A       11%         2
 Swiftness                Air            13%        N/A       14%         3
 Airstrike                Air            6%         N/A       43%         4
 Iskenderun's Battlesphe  Conj           6%         2d6       97%         5
 Iron Shot                Conj/Erth      2%         9d2       100%        6
 Spellforged Servitor     Conj/Summ      2%         N/A       100%        7


Dungeon Overview and Level Annotations

Branches:
Dungeon (3/15)

Altars:


Innate Abilities, Weirdness & Mutations

Your plain brown scales are hard. (AC +5)
You cannot fit into any form of body armour.
You are cold-blooded and may be slowed by cold attacks.
Your flesh is heat resistant. (rF+)
You passively dampen the noise of your surroundings.


Message History

The gnoll hits you but does no damage.
You closely miss the hobgoblin.
The hobgoblin is lightly wounded.
The hobgoblin barely misses you. The goblin barely misses you.
The gnoll hits you but does no damage. The gnoll barely misses you.
The hobgoblin hits you with a +0 club.
You hit the goblin but do no damage. Lightning courses through the goblin!
You kill the goblin!
The gnoll hits you from afar with a +0 spear!
The gnoll hits you from afar with a +0 spear.
The hobgoblin hits you but does no damage. x2
You hit the hobgoblin.
The hobgoblin is severely wounded.
The gnoll completely misses you. The gnoll closely misses you.
The hobgoblin closely misses you. The hobgoblin misses you.
Your magical contamination has completely faded away.
You hit the hobgoblin but do no damage.
Lightning courses through the hobgoblin!
You kill the hobgoblin!
The gnoll hits you but does no damage.
The gnoll hits you from afar with a +0 spear.
* * * LOW HITPOINT WARNING * * *
The hobgoblin hits you but does no damage.
You completely miss the hobgoblin. The gnoll closely misses you.
The gnoll hits you from afar with a +0 spear.
* * * LOW HITPOINT WARNING * * *
The hobgoblin closely misses you. The gnoll barely misses you.
The gnoll hits you but does no damage.
You hit the hobgoblin but do no damage. The hobgoblin closely misses you.
The gnoll barely misses you. The gnoll hits you but does no damage.
The hobgoblin hits you with a +0 club.
* * * LOW HITPOINT WARNING * * *
The hobgoblin closely misses you.
Unknown command.
It was a potion of mutation.
You feel extremely strange.
You feel your surroundings grow quieter.
You feel resistant to heat. The gnoll barely misses you.
The hobgoblin closely misses you.
The gnoll hits you from afar with a +0 spear.
You die...

≈≈≈≈≈≈≈≈≈≈≈≈≈≈≈≈≈
≈≈≈≈≈≈≈≈≈≈≈≈≈≈≈≈≈
#####≈≈≈≈≈≈≈≈≈≈≈≈≈≈≈
#...################
#...#......## ##....
#...#.......###.....
##'##........#......
#...........#÷.....
#.@.))......').....
#.g.).......#......
#g##.)......#......
.g.#.......###.....
#...#......## ##....
#.).######## #####
#####


You could see 2 gnolls and a hobgoblin.

Vanquished Creatures
  3 gnolls (D:3)
  An adder (D:2)
  2 worms (D:2)
  2 dart slugs
  5 orcs
  8 ball pythons
  6 bats
  7 endoplasms
  3 giant cockroaches (D:1)
  11 hobgoblins
  8 jackals
  7 quokkas
  A frilled lizard (D:1)
  25 goblins
  2 kobolds
  8 rats
99 creatures vanquished.

Vanquished Creatures (others)
  3 fungi (D:1)
  2 plants (D:1)
5 creatures vanquished.

Grand Total: 104 creatures vanquished

Notes
Turn   | Place    | Note
-------+----------+-------------------------------------------
     0 | D:1      | sine the Draconian Air Elementalist began the quest for the
                  | Orb.
     0 | D:1      | Reached XP level 1. HP: 14/14 MP: 3/3
   464 | D:1      | Reached XP level 2. HP: 15/20 MP: 5/5
   919 | D:1      | Reached XP level 3. HP: 22/26 MP: 6/6
   968 | D:1      | Found a faded altar of an unknown god.
   980 | D:1      | Got Plato's Catalogue of Air
  1901 | D:2      | Reached skill level 1 in Staves
  2236 | D:2      | Reached XP level 4. HP: 34/34 MP: 7/7
  3877 | D:3      | Reached skill level 1 in Fighting
  3883 | D:3      | Reached XP level 5. HP: 14/40 MP: 8/8
  3904 | D:3      | HP: 2/40 [hobgoblin (6)]
  4396 | D:3      | Gained mutation: You passively dampen the noise of your
                  | surroundings. [potion of mutation]
  4396 | D:3      | Gained mutation: Your flesh is heat resistant. (rF+)
                  | [potion of mutation]
  4397 | D:3      | Slain by a gnoll

Illustrated notes

Levels and vault maps discovered:
D:1:      dpeg_arrival_prison, layout_basic, shapermc_ecumenical_altar_rom_forum
D:2:      layout_basic
D:3:      minmay_goblin_kobold_castle, layout_loops_ring,
          nicolae_dithmenos_shadow_blocks

Skill      XL: |  1  2  3  4 |
---------------+-------------+-----
Dodging        | 2 |  2.8
Staves         | 1 2 |  2.4
Stealth        | 2 |  2.2
Fighting       | 1 |  1.4
Slings         | |  0.2
Spellcasting   | |  2.4
Conjurations   | |  1.3
Air Magic      | |  3.5

Action                   |  1- 3 |  4- 6 || total
-------------------------+-------+-------++-------
Melee: Unarmed           |    30 |       ||    30
       Quarterstaff      |   107 |   108 ||   215
       Tailslap          |    18 |    10 ||    28
       Hunting sling     |       |     1 ||     1
 Fire: Hunting sling     |       |     9 ||     9
Throw: Stone             |       |     5 ||     5
 Cast: Shock             |    11 |     6 ||    17
  Use: Scroll            |     1 |     1 ||     2
       Potion            |       |     2 ||     2
 Stab: Sleeping          |     2 |     1 ||     3
Armor: Skin              |    33 |    92 ||   125
Dodge: Dodged            |    98 |   168 ||   266
